[ AOE2 MATCH · #505705279 ]
UnrankedBohemians vs Incas
Player's team · WIN
Rival team · LOSS
[ REPLAY ANALYSIS · EXTRACTED FROM THE RECORDED GAME ]
Feudal
—
Castle
—
Imperial
—
| APM avg | 39.9 |
| APM peak | 64 |
| eAPM avg | 22.9 |
| Villagers / military | 17 / 0 |
Focus
⚔️ 23.5% · 🌾 76.5%
Feudal
—
Castle
—
Imperial
—
| APM avg | 66.2 |
| APM peak | 94 |
| eAPM avg | 28.6 |
| Villagers / military | 14 / 0 |
Focus
⚔️ 42.3% · 🌾 57.7%
Match map
Initial resources + every placement click. Lines = walls · curves = elevation contours. ◆ gold · ⬟ stone · ● berries · ✦ relic · ◌ wall gap
Your base
LowEloNobody's base
Smoothed initial terrain · ◌ = detected wall gap · hover for details
Inputs per minute
— musialaseinjamal - - LowEloNobody
Build order — musialaseinjamal
25 actions detected in the replay
| 0:00 | Queue | Villager (Male) |
| 0:02 | Build | House |
| 0:03 | Build | House |
| 0:14 | Queue | Villager (Male) |
| 0:14 | Queue | Villager (Male) |
| 0:15 | Queue | Villager (Male) |
| 0:15 | Queue | Villager (Male) |
| 1:06 | Build | House |
| 1:26 | Research | Loom |
| 1:42 | Queue | Villager (Male) |
| 2:29 | Queue | Villager (Male) |
| 3:07 | Queue | Villager (Male) |
| 3:20 | Build | House |
| 3:23 | Build | House |
| 3:35 | Queue | Villager (Male) |
| 4:20 | Queue | Villager (Male) |
| 4:20 | Queue | Villager (Male) |
| 4:44 | Queue | Villager (Male) |
| 5:00 | Build | House |
| 5:35 | Queue | Villager (Male) |
| 5:35 | Queue | Villager (Male) |
| 6:03 | Queue | Villager (Male) |
| 6:18 | Queue | Villager (Male) |
| 6:18 | Queue | Villager (Male) |
| 6:44 | Build | House |
Build order — LowEloNobody
21 actions detected in the replay
| 0:00 | Queue | Villager (Male) |
| 0:02 | Build | House |
| 0:03 | Build | House |
| 0:08 | Queue | Villager (Male) |
| 0:08 | Queue | Villager (Male) |
| 0:08 | Queue | Villager (Male) |
| 0:32 | Research | Loom |
| 0:42 | Queue | Villager (Male) |
| 0:49 | Queue | Villager (Male) |
| 1:46 | Queue | Villager (Male) |
| 2:16 | Build | House |
| 3:05 | Queue | Villager (Male) |
| 3:11 | Build | Palisade Wall |
| 3:49 | Queue | Villager (Male) |
| 4:30 | Queue | Villager (Male) |
| 5:14 | Build | Palisade Wall |
| 5:23 | Queue | Villager (Male) |
| 5:36 | Build | Palisade Wall |
| 5:45 | Queue | Villager (Male) |
| 6:17 | Queue | Villager (Male) |
| 6:17 | Queue | Villager (Male) |
Match timeline
| 3:11 | LowEloNobody · wall_segment Palisade Wall x10 |
| 5:14 | LowEloNobody · wall_segment Palisade Wall x1 |
| 5:36 | LowEloNobody · wall_segment Palisade Wall x1 |
| 6:53 | LowEloNobody · resign |
[ AI ANALYSIS · 1 CREDIT ]
What really happened in this match?
Wolo.gg analyzes every decision: build order, eco, micro, common mistakes by bracket. Personalized analysis on WhatsApp or Discord in 30 seconds.
Civ guide
Bohemians
Perfil
musialaseinjamal